 Dungeon Crawl Stone Soup version 0.20.0-10-g0535bb4 (webtiles) character file.

12245 vatarom the Stormcaller (level 11, -1/54 HPs)
             Began as a Tengu Air Elementalist on June 3, 2017.
             Was an Elder of Vehumet.
             Hit by a javelin thrown by Urug (18 damage)
             ... on level 10 of the Dungeon.
             The game lasted 00:54:53 (16249 turns).

vatarom the Stormcaller (Tengu Air Elementalist)   Turns: 16249, Time: 00:54:54

Health: -1/54      AC:  7    Str:  8    XL:     11   Next: 90%
Magic:  18/25      EV: 13    Int: 18    God:    Vehumet [****..]
Gold:   317        SH:  0    Dex: 16    Spells: 14/29 levels left

rFire    . . .     SeeInvis .   m - staff of cold
rCold    + + .     Gourm    .   (no shield)
rNeg     . . .     Faith    .   t - +2 robe {rC+}
rPois    .         Spirit   .   (helmet restricted)
rElec    .         Reflect  .   A - +0 cloak
rCorr    .         Harm     +   z - +1 pair of gloves
MR       +....                  (boots unavailable)
Stlth    +++.......             y - amulet of harm
Regen    0.2/turn               k - ring of stealth
MPRegen  0.2/turn               c - ring of wizardry

@: very slightly contaminated
A: beak, talons 3, magic resistance 1, wild magic 1, able to fly 1
a: Fly, Renounce Religion


You were on level 10 of the Dungeon.
You worshipped Vehumet.
Vehumet was greatly pleased with you.
You were not hungry.

You visited 2 branches of the dungeon, and saw 11 of its levels.

You collected 592 gold pieces.
You spent 275 gold pieces at shops.

Inventory:

Hand Weapons
 g - a +2 dagger of distortion
 u - a +0 whip of electrocution
Armour
 a - a +0 robe
 t - a +2 robe of cold resistance (worn)
 z - a +1 pair of gloves (worn)
 A - a +0 cloak (worn)
Magical Staves
 m - an uncursed staff of cold (weapon)
Jewellery
 c - a ring of wizardry (right hand)
 k - a ring of stealth (left hand)
 s - an uncursed ring of wizardry
 y - an amulet of harm (around neck)
Wands
 j - a wand of acid (5/15)
 p - a wand of paralysis (10/24)
 B - a wand of disintegration (4/24)
Scrolls
 d - 9 scrolls of identify
 e - a scroll of enchant armour
 f - 2 scrolls of amnesia
 h - 3 scrolls of remove curse
 i - 2 scrolls of magic mapping
 q - 4 scrolls of teleportation
 v - a scroll of enchant weapon
Potions
 l - 2 potions of degeneration
 n - a potion of flight
 w - 4 potions of might
 x - 2 potions of agility
 F - 2 potions of curing
 G - a potion of heal wounds
Books
 b - a book of Air

   Spells                             Type                      Level
   a - Shock                          Conjuration/Air              1
   b - Swiftness                      Charms/Air                   2
   c - Static Discharge               Conjuration/Air              3
   d - Airstrike                      Air                          4
   e - Lightning Bolt                 Conjuration/Air              5
Comestibles
 r - 4 royal jellies
 C - a bread ration
 D - a fruit
 E - 2 meat rations


   Skills:
 - Level 2.2 Dodging
 - Level 2.0 Stealth
 * Level 9.5 Spellcasting
 - Level 10.4 Conjurations
 * Level 16.8 Air Magic


You had 14 spell levels left.
You knew the following spells:

 Your Spells              Type           Power        Failure   Level  Hunger
a - Shock                 Conj/Air       ####         1%          1    None
b - Swiftness             Chrm/Air       ######..     1%          2    None
c - Static Discharge      Conj/Air       ######..     1%          3    None
d - Airstrike             Air            ######....   1%          4    ###....
e - Lightning Bolt        Conj/Air       ######....   1%          5    #####..


Dungeon Overview and Level Annotations

Branches:
Dungeon (10/15)            Temple (1/1) D:5             Orc (0/2) D:10
   Lair: D:8-11

Altars:
Ashenzari
Cheibriados
Dithmenos
Elyvilon
Fedhas
Gozag
Hepliaklqana
Kikubaaqudgha
Makhleb
Nemelex Xobeh
Okawaru
Qazlal
Ru
Sif Muna
Trog
Uskayaw
Vehumet
Xom
Yredelemnul
Zin
The Shining One

Shops:
D:6 %

Annotations:
D:10 Urug


Innate Abilities, Weirdness & Mutations

You have a beak for a mouth.
You have claws for feet.
You can fly.
You are resistant to hostile enchantments. (MR+)
Your spells are a little harder to cast, but a little more powerful.


Message History

The air twists around and strikes Urug!
Urug shouts!
Urug is lightly wounded.
Casting: Airstrike
Confirm with . or Enter, or press ? or * to list all spells.
Aiming: Airstrike
Press: ? - help, Dir - move target cursor, f/p - Urug
Aim: Urug, wielding a battleaxe of freezing and wearing a shiny chain mail (lightly wounded)
The air twists around and strikes Urug!
Urug is lightly wounded.
Urug throws a javelin.
The javelin hits you!!
Ouch! That really hurt!
You see here a javelin.
Urug throws a javelin.
The javelin closely misses you.
Blink to where?
Press: ? - help, Dir - move target cursor, p - Urug You are very lightly contaminated with residual magic.
As you read the scroll of blinking, it crumbles to dust.
Urug throws a javelin.
The javelin hits you!
You die...

........# #.# #.#
........# #o# #.#
........# #(# #.#
........# #.#
####.# ........#
#ยง# #....#
....<...# #.#
#.#### ........#
#.# #.#
........#########(#
#.#
####.#..........@.#
#.#
####.#....#########
#.#
.........>.........
#.#
###..#.............
#.# #
#................
#.# #
#.####.#.........
#.# # #.#
#.#......... #.# #
#.#
#.##.############.#
# #.# #..#.#
#..........#


You could see Urug.

Vanquished Creatures
  A centaur warrior (D:9)
  2 two-headed ogres
  The ghost of MTVSty1e the Cleaver, a novice DrWr of Makhleb (D:8)
  A skeletal warrior (D:9)
  Pikel (D:6)
  A gargoyle (D:10)
  The ghost of ThereIsNoGod the Basher, a novice GrFi of Trog (D:5)
  A troll (D:9)
  A hornet (D:9)
  4 hippogriffs
  Sigmund (D:4)
  5 yaks (D:9)
  A steam dragon (D:9)
  3 hungry ghosts
  Edmund (D:6)
  2 orc warriors (D:9)
  5 black bears
  A slave (D:6)
  3 ice beasts
  A phantom (D:9)
  A sky beast (D:10)
  3 ogres
  2 necrophages (D:7)
  3 centaurs
  4 big kobolds
  4 bullfrogs
  2 water moccasin zombies
  A wyvern skeleton (D:9)
  3 scorpions
  12 killer bees
  A water moccasin skeleton (D:4)
  6 wights (D:9)
  4 howler monkeys
  5 crimson imps
  A jelly (D:4)
  2 quasits
  4 bullfrog zombies
  3 centaur zombies
  6 hounds
  4 orc priests
  2 bullfrog skeletons
  2 centaur skeletons
  13 worker ants
  Ijyb (D:3)
  An iguana (D:7)
  9 orc wizards
  A killer bee zombie (D:9)
  3 hound zombies
  3 hound skeletons
  2 worker ant zombies
  A howler monkey zombie (D:5)
  16 adders
  3 shadow imps
  3 oozes
  4 adder skeletons
  2 worms
  4 dart slugs
  6 leopard geckos
  29 orcs
  4 ball pythons
  8 bats
  6 giant cockroaches
  5 hobgoblins
  10 jackals
  6 quokkas
  A ball python skeleton (D:4)
  7 frilled lizards
  7 goblins
  A jackal skeleton (D:4)
  A jackal zombie (D:5)
  24 kobolds
  A leopard gecko skeleton (D:5)
  2 leopard gecko zombies (D:5)
  4 rats
300 creatures vanquished.

Notes
Turn   | Place    | Note
-------+----------+-------------------------------------------
     0 | D:1      | vatarom the Tengu Air Elementalist began the quest for the Orb.
     0 | D:1      | Reached XP level 1. HP: 10/10 MP: 4/4
    77 | D:1      | Reached XP level 2. HP: 15/15 MP: 0/6
   849 | D:1      | Reached XP level 3. HP: 19/19 MP: 3/7
   858 | D:1      | Learned a level 2 spell: Swiftness
   862 | D:1      | Learned a level 3 spell: Static Discharge
  1574 | D:2      | Reached skill level 5 in Air Magic
  1686 | D:2      | Reached XP level 4. HP: 24/24 MP: 3/8
  2452 | D:3      | Reached skill level 5 in Conjurations
  2452 | D:3      | Gained mutation: You can fly. [Tengu growth]
  2452 | D:3      | Reached XP level 5. HP: 28/28 MP: 4/9
  2862 | D:3      | Noticed Ijyb
  2872 | D:3      | Killed Ijyb
  2993 | D:4      | Reached skill level 6 in Air Magic
  2993 | D:4      | Reached XP level 6. HP: 32/32 MP: 7/10
  3316 | D:4      | Noticed Sigmund
  3324 | D:4      | Killed Sigmund
  3324 | D:4      | Reached skill level 7 in Air Magic
  3324 | D:4      | Reached XP level 7. HP: 16/36 MP: 3/11
  3398 | D:4      | Learned a level 4 spell: Airstrike
  4335 | D:4      | Reached skill level 8 in Air Magic
  4564 | D:5      | Entered Level 5 of the Dungeon
  4805 | D:5      | Noticed ThereIsNoGod's ghost (novice GrFi)
  5484 | D:5      | Reached skill level 9 in Air Magic
  5484 | D:5      | Reached XP level 8. HP: 41/41 MP: 9/12
  6960 | D:5      | Killed ThereIsNoGod's ghost
  6960 | D:5      | Reached skill level 10 in Air Magic
  6994 | D:5      | Gained mutation: You are resistant to hostile enchantments. (MR+) [potion of mutation]
  6994 | D:5      | Gained mutation: Your spells are a little harder to cast, but a little more powerful. [potion of mutation]
  7251 | D:5      | Found a staircase to the Ecumenical Temple.
  7260 | Temple   | Entered the Ecumenical Temple
  7459 | Temple   | Became a worshipper of Vehumet
  7539 | D:6      | Reached skill level 5 in Spellcasting
  7603 | D:6      | Learned a level 5 spell: Lightning Bolt
  7719 | D:6      | Noticed Edmund
  7775 | D:6      | Killed Edmund
  7775 | D:6      | Reached XP level 9. HP: 33/45 MP: 0/17
  8284 | D:6      | Reached skill level 11 in Air Magic
  8649 | D:6      | Found Tohyasme's Food Boutique.
  8660 | D:6      | Noticed Pikel
  8683 | D:6      | Killed Pikel
  8683 | D:6      | Reached skill level 12 in Air Magic
  9011 | D:7      | You fall through a shaft!
  9030 | D:8      | Reached * piety under Vehumet
  9030 | D:8      | Offered knowledge of Freeze by Vehumet.
  9114 | D:8      | Noticed MTVSty1e's ghost (novice DrWr)
 10185 | D:8      | Found a bloodstained altar of Trog.
 10330 | D:7      | Reached skill level 13 in Air Magic
 10434 | D:7      | Reached skill level 10 in Conjurations
 10553 | D:7      | Reached XP level 10. HP: 39/50 MP: 9/18
 10963 | D:8      | Offered knowledge of Searing Ray by Vehumet.
 10973 | D:8      | Reached ** piety under Vehumet
 11214 | D:8      | Reached skill level 14 in Air Magic
 12353 | D:8      | Killed MTVSty1e's ghost
 13007 | D:9      | Reached skill level 15 in Air Magic
 13252 | D:9      | Reached XP level 11. HP: 54/54 MP: 8/22
 13739 | D:9      | Offered knowledge of Throw Flame by Vehumet.
 13786 | D:9      | Noticed a centaur warrior
 13796 | D:9      | Killed a centaur warrior
 13961 | D:9      | Reached *** piety under Vehumet
 14374 | D:9      | Noticed a two-headed ogre
 14387 | D:9      | Noticed a skeletal warrior
 14392 | D:9      | Killed a two-headed ogre
 14392 | D:9      | Reached skill level 16 in Air Magic
 14820 | D:10     | Entered Level 10 of the Dungeon
 14873 | D:9      | Offered knowledge of Conjure Flame by Vehumet.
 15050 | D:9      | Killed a skeletal warrior
 15593 | D:6      | Bought a royal jelly for 20 gold pieces
 15593 | D:6      | Bought a bread ration for 50 gold pieces
 15593 | D:6      | Bought a royal jelly for 20 gold pieces
 15593 | D:6      | Bought a fruit for 15 gold pieces
 15593 | D:6      | Bought a meat ration for 50 gold pieces
 15593 | D:6      | Bought a bread ration for 50 gold pieces
 15593 | D:6      | Bought a royal jelly for 20 gold pieces
 15593 | D:6      | Bought a meat ration for 50 gold pieces
 15730 | D:10     | Reached **** piety under Vehumet
 15872 | D:10     | Found a staircase to the Orcish Mines.
 16039 | D:10     | Noticed a two-headed ogre
 16094 | D:10     | Killed a two-headed ogre
 16241 | D:10     | Noticed Urug
 16249 | D:10     | Hit by a javelin thrown by Urug

Skill      XL: |  1  2  3  4  5  6  7  8  9 10 11 |
---------------+----------------------------------+-----
Conjurations   | 2 3 5 6 7 8 10 | 10.4
Air Magic      | 5 6 7 9 10 13 15 16 | 16.8
Spellcasting   | 5 7 9 |  9.5
Dodging        | |  2.2
Stealth        | |  2.0

Action                   |  1- 3 |  4- 6 |  7- 9 | 10-12 || total
-------------------------+-------+-------+-------+-------++-------
Melee: Unarmed           |    13 |       |       |       ||    13
       Kick              |     1 |     8 |    14 |     9 ||    32
       Hand axe          |       |    20 |    30 |       ||    50
       Peck              |       |     4 |     5 |     4 ||    13
       Whip              |       |       |    13 |    24 ||    37
       Staff             |       |       |       |     1 ||     1
 Cast: Shock             |    70 |   101 |   233 |    57 ||   461
       Static Discharge  |       |     1 |    18 |    17 ||    36
       Airstrike         |       |       |    51 |   134 ||   185
       Swiftness         |       |       |     2 |       ||     2
       Lightning Bolt    |       |       |     4 |    17 ||    21
Evoke: Wand              |       |     2 |       |       ||     2
  Use: Scroll            |     5 |     7 |       |     9 ||    21
       Potion            |       |       |     9 |     2 ||    11
 Stab: Sleeping          |     1 |       |     1 |       ||     2
  Eat: Chunk             |     3 |     2 |     2 |    14 ||    21
       Bread ration      |       |     1 |     7 |     2 ||    10
       Meat ration       |       |     1 |       |     2 ||     3
       Fruit             |       |       |       |     2 ||     2
       Royal jelly       |       |       |       |     2 ||     2
Armor: Robe              |     4 |     4 |    14 |    23 ||    45
Dodge: Dodged            |     9 |    32 |    79 |    78 ||   198
